Map: Catalyst LE

Players

IIIIIIIIIIII - Winner!

  • Race: Protoss Protoss
  • League: Silver
  • Spawn Location: 11:00

Infamous

  • Race: Protoss Protoss
  • Spawn Location: 5:00

VOD

Have the link to the VOD?

Description

Time

  • Played on: Jan. 25, 2018, 12:37 p.m.
  • Length: 12:13
Show
View Real Time Build Order
Export as new Build Order

IIIIIIIIIIII Protoss - Winner!

Build Orders:  

Get SALT Encoding   

  12  0:01  Probe  
  13  0:13  Probe  
  14  0:22  Pylon  
  15  0:28  Probe  
  15  0:40  Probe  
  16  0:46  Gateway  
  16  0:52  Probe  
  16  0:53  Assimilator  
  17  1:05  Probe (Chrono Boost)  
  17  1:07  Assimilator  
  18  1:17  Probe (Chrono Boost)  
  19  1:31  Probe  
  20  1:53  Forge  
  20  2:02  Zealot (Chrono Boost)  
  22  2:29  Photon Cannon  
  22  2:38  Pylon  
  22  2:48  Probe (Chrono Boost)  
  23  2:56  Zealot  
  26  2:58  Probe (Chrono Boost)  
  26  3:03  Probe (Chrono Boost)  
  26  3:05  Cybernetics Core  
  27  3:09  Gateway  
  27  3:12  Cybernetics Core  
  27  3:26  Cybernetics Core  
  27  3:27  Zealot (Chrono Boost)  
  27  3:31  Protoss Ground Weapons Level 1  
  27  3:34  Probe  
  30  3:40  Pylon  
  30  3:46  Probe  
  31  3:48  Warp Gate (Chrono Boost)  
  31  3:49  Shield Battery  
  31  3:58  Adept  
  31  3:59  Pylon  
  31  4:02  Probe  
  34  4:14  Probe  
  35  4:18  Robotics Facility  
  34  4:33  Pylon  
  34  4:40  Stalker  
  34  4:43  Probe, Protoss Air Weapons Level 1 (Chrono Boost)  
  37  4:55  Probe  
  38  5:05  Stargate  
  38  5:07  Probe  
  38  5:10  Stalker  
  41  5:19  Probe  
  42  5:25  Pylon  
  42  5:36  Nexus  
  42  5:39  Observer (Chrono Boost)  
  43  5:44  Probe  
  44  5:50  Protoss Ground Armor Level 1  
  44  5:56  Probe  
  45  6:05  Stalker  
  45  6:08  Probe  
  45  6:11  Immortal (Chrono Boost)  
  52  6:20  Probe  
  52  6:21  Oracle  
  56  6:32  Probe  
  57  6:38  Assimilator  
  57  6:44  Probe  
  54  7:00  Immortal (Chrono Boost)  
  58  7:19  Shield Battery  
  58  7:22  Pylon  
  58  7:24  Void Ray  
  58  7:29  Stalker  
  64  7:35  Gateway  
  64  7:37  Gateway  
  64  7:40  Robotics Facility  
  64  7:43  Immortal  
  68  7:45  Probe x2  
  70  7:54  Stalker  
  70  7:57  Probe  
  73  8:01  Robotics Facility  
  73  8:05  Probe  
  74  8:07  Pylon  
  74  8:09  Probe  
  75  8:13  Protoss Shields Level 1 (Chrono Boost)  
  75  8:15  Pylon  
  75  8:17  Probe  
  76  8:23  Immortal (Chrono Boost)  
  80  8:31  Assimilator  
  80  8:32  Probe  
  77  8:44  Photon Cannon  
  77  8:45  Void Ray  
  77  8:46  Photon Cannon  
  81  8:49  Observer  
  82  8:59  Stalker x3  
  88  9:13  Immortal (Chrono Boost)  
  91  9:25  Pylon  
  91  9:30  Pylon  
  92  9:32  Observer (Chrono Boost)  
  92  9:36  Adept  
  98  9:50  Gateway  
  98  9:51  Immortal (Chrono Boost)  
  98  9:52  Immortal (Chrono Boost), Gateway  
  102  10:02  Probe  
  103  10:12  Twilight Council  
  103  10:16  Immortal (Chrono Boost)  
  107  10:30  Pylon  
  107  10:31  Pylon  
  107  10:37  Pylon  
  107  10:48  Immortal x2, Void Ray (Chrono Boost)  
  119  11:24  Immortal  
  123  11:26  Void Ray  
  112  12:00  Stalker x2  
  112  12:01  Stalker x3  
Show
View Real Time Build Order
Export as new Build Order

Infamous Protoss 

Build Orders:  

Get SALT Encoding   

  12  0:01  Probe (Chrono Boost)  
  13  0:16  Probe (Chrono Boost)  
  13  0:18  Pylon  
  14  0:21  Probe (Chrono Boost)  
  15  0:37  Gateway  
  15  0:39  Probe  
  16  0:54  Assimilator  
  16  0:55  Probe  
  17  1:11  Pylon  
  17  1:21  Probe  
  18  1:33  Pylon  
  18  1:37  Probe, Zealot  
  21  1:46  Pylon  
  21  1:50  Pylon  
  21  1:55  Assimilator  
  21  2:00  Probe (Chrono Boost)  
  22  2:06  Cybernetics Core  
  23  2:09  Probe (Chrono Boost)  
  23  2:17  Zealot  
  25  2:37  Warp Gate (Chrono Boost)  
  25  2:41  Probe  
  26  2:46  Stalker  
  28  2:53  Probe  
  28  2:58  Gateway  
  29  3:00  Gateway  
  29  3:09  Probe  
  30  3:17  Sentry  
  32  3:20  Pylon  
  32  3:43  Pylon  
  32  3:48  Gateway x2  
  32  4:04  Probe  
  33  4:25  Nexus  
  33  4:40  Protoss Air Armor Level 1 (Chrono Boost)  
  33  4:41  Probe  
  34  4:49  Forge  
  34  4:52  Twilight Council  
  34  4:53  Probe  
  34  4:59  Stalker  
  37  5:05  Probe  
  38  5:17  Probe  
  38  5:18  Pylon  
  38  5:21  Protoss Ground Weapons Level 1 (Chrono Boost)  
  39  5:30  Probe (Chrono Boost)  
  40  5:40  Probe (Chrono Boost)  
  41  5:43  Stalker x2  
  41  5:45  Sentry  
  48  5:50  Probe (Chrono Boost)  
  48  5:55  Probe (Chrono Boost)  
  49  5:59  Photon Cannon  
  49  6:07  Probe  
  49  6:10  Assimilator  
  50  6:13  Assimilator  
  50  6:19  Probe  
  50  6:21  Stalker x2  
  50  6:23  Zealot  
  57  6:31  Probe  
  58  6:43  Probe  
  38  7:02  Stalker  
  38  7:03  Stalker x4  
  48  7:21  Probe (Chrono Boost)  
  49  7:31  Probe (Chrono Boost)  
  49  7:37  Sentry x3  
  52  7:38  Sentry  
  52  7:39  Sentry  
  52  7:40  Probe (Chrono Boost)  
  61  7:46  Pylon  
  61  7:55  Nexus  
  61  7:59  Probe  
  61  8:00  Pylon  
  62  8:09  Robotics Facility  
  62  8:10  Robotics Facility  
  62  8:11  Probe  
  63  8:14  Stalker x2  
  63  8:15  Stalker  
  63  8:17  Sentry  
  71  8:28  Assimilator  
  41  9:00  Immortal  
  41  9:01  Immortal  
  49  9:04  Sentry  
  49  9:05  Sentry  
  54  9:13  Probe (Chrono Boost)  
  55  9:24  Probe (Chrono Boost)  
  55  9:32  Stalker  
  55  9:33  Stalker x4  
  65  9:40  Immortal x2  
  73  9:45  Pylon  
  73  9:54  Robotics Bay  
  73  10:00  Stalker x2  
  73  10:01  Stalker  
  79  10:21  Pylon  
  79  10:23  Stalker x3  
  79  10:24  Stalker  
  79  10:25  Sentry  
  89  10:37  Stargate  
  89  10:51  Immortal x2  
  97  11:12  Stalker x4  
  105  11:34  Nexus  
Tags
 
League
Silver
Matchup
PvP
Replay Pack
Last Remnant (2)
Spawn Locations
Cross Positions
Add a new tag
Caveats
  • Supply blocks, unpowered buildings, or Contaminate may cause inaccurate times.
  • Supply counts are checked every 10 seconds.